 Dungeon Crawl Stone Soup version 0.27-a0-594-g2aaa8dbbc2 (webtiles) character file.

Game seed: 7335879810359730580

12 Gaff the Stinger (level 2, 5/19 HPs)
             Began as a Demonspawn Venom Mage on Mar 11, 2021.
             Got out of the dungeon alive.
             The game lasted 00:00:58 (148 turns).

Gaff the Stinger (Demonspawn Venom Mage)             Turns: 148, Time: 00:00:58

Health: 5/19       AC:  2    Str:  8    XL:     2   Next: 20%
Magic:  4/5        EV: 12    Int: 16    God:
Gold:   22         SH:  0    Dex: 13    Spells: 4/5 levels left

rFire    . . .     SeeInvis .   b - +0 club
rCold    . . .     Faith    .   (no shield)
rNeg     . . .     Spirit   .   a - +0 robe
rPois    .         Reflect  .   (no helmet)
rElec    .         Harm     .   (no cloak)
rCorr    .         Rampage  .   (no gloves)
Will     .....                  (no boots)
Stlth    ++........             (no amulet)
HPRegen  0.06/turn              (no ring)
MPRegen  0.09/turn              (no ring)

@: no status effects
A: talons 1
a: no special abilities


You escaped.
You visited 1 branch of the dungeon, and saw 1 of its levels.

You collected 22 gold pieces.

Inventory:

Hand Weapons
 b - a +0 club (weapon)
Armour
 a - a +0 robe (worn)
Scrolls
 d - a scroll of identify {unknown}
Potions
 c - a potion of curing {unknown}


   Skills:
 + Level 2.3 Dodging
 + Level 1.7 Stealth
 + Level 2.0 Spellcasting
 + Level 1.1 Transmutations
 + Level 3.1 Poison Magic


You had 4 spell levels left.
You knew the following spells:

 Your Spells              Type           Power      Damage    Failure   Level
a - Sting                 Tmut/Pois      32%        1d4       9%          1

Your spell library contained the following spells:

 Spells                   Type           Power      Damage    Failure   Level
 Poisonous Vapours        Pois/Air       12%        N/A       17%         2
 Ignite Poison            Fire/Tmut/Pois 6%         N/A       34%         3
 Mephitic Cloud           Conj/Pois/Air  4%         N/A       38%         3
 Olgreb's Toxic Radiance  Pois           11%        N/A       50%         4


Dungeon Overview and Level Annotations

Branches:
Dungeon (1/15)

Altars:


Innate Abilities, Weirdness & Mutations

You have sharp toenails.


Message History

The bat hits you but does no damage. The bat closely misses you.
You miss the bat. The bat barely misses you. The bat misses you.
The bat hits you but does no damage.
Aiming: Sting (safe; 10% risk of failure)
Press: ? - help, Q - select action Shift-Dir - straight line, f/p - bat
Aim: a bat (48% to evade)
The sting hits the bat.
The bat is poisoned.
You kill the bat!
You see here a bat corpse.
A gnoll comes into view. It is wielding a +0 spear.
The gnoll shouts!
Aiming: Sting (safe; 9% risk of failure)
Press: ? - help, Q - select action Shift-Dir - straight line, f - gnoll
Aim: a gnoll, wielding a +0 spear (28% to evade)
The sting hits the gnoll.
The gnoll is poisoned.
The gnoll is lightly wounded.
The gnoll closely misses you.
Aiming: Sting (safe; 9% risk of failure)
Press: ? - help, Q - select action Shift-Dir - straight line, f/p - gnoll
Aim: a gnoll, wielding a +0 spear (moderately wounded, poisoned, 28% to evade)
The sting hits the gnoll but does no damage.
The gnoll looks even sicker.
The gnoll is moderately wounded.
The gnoll hits you from afar with a +0 spear.
The gnoll hits you but does no damage.
The gnoll hits you from afar with a +0 spear!
Ouch! That really hurt!
* * * LOW HITPOINT WARNING * * *
You kill the gnoll!
Your Dodging skill increases to level 2!
Your Transmutations skill increases to level 1!
You have reached level 2!
Your demonic ancestry asserts itself...
Your toenails lengthen and sharpen.
You see here a +0 spear.
There is a staircase leading out of the dungeon here.
Are you sure you want to leave the Dungeon?
This will make you lose the game!
You have escaped!

#............# #.# #..#
#.#.########.###.###..#
#.#.# #####.......)..#.###
#.#.# #..................#
#.#.####.#.#..#..####.#.#.#
##.#......#.#.#.#.# .# #
#..........#.#.#.## .#
#..#####..#.#.#.#......#
#..# #...#.#@#.####.## #..#
#..#.#.#.#.#
#..#####...#.#.#.##
#.........#.#.#.#.#
####.###...#.#.#[##
##.###..######## #.......#
#..####.# #..# #.#


There were no monsters in sight!

Vanquished Creatures
  A gnoll (D:1)
  A hobgoblin (D:1)
  A bat (D:1)
3 creatures vanquished.

Notes
Turn   | Place    | Note
-------+----------+-------------------------------------------
     0 | D:1      | Gaff the Demonspawn Venom Mage began the quest for the Orb.
     0 | D:1      | Reached XP level 1. HP: 13/13 MP: 3/3
   124 | D:1      | Reached skill level 1 in Transmutations
   124 | D:1      | Gained mutation: You have sharp toenails. [demonic
                  | ancestry]
   124 | D:1      | Reached XP level 2. HP: 4/19 MP: 1/5
   148 | D:$      | Got out of the dungeon alive.

Illustrated notes

Levels and vault maps discovered:
D:1:      lightli_arrival_chessboard, layout_loops_ring, serial_glass,
          glass_columns_a, glass_columns_a

Skill      XL: |  1 |
---------------+----+-----
Dodging        | 2 |  2.3
Transmutations | 1 |  1.1
Stealth        | |  1.7
Spellcasting   | |  2.0
Poison Magic   | |  3.1

Action                   || total
-------------------------++-------
Melee: Club              ||     1
 Cast: Sting             ||     5
Armor: Robe              ||     2
Dodge: Dodged            ||     4

Table legend: (Time is in decaauts)
 A = Elapsed time spent in this place.
 B = Non-inter-level travel time spent in this place.
 C = Inter-level travel time spent in this place.
 D = Time resting spent in this place.
 E = Time spent auto-exploring this place.
 F = Levels seen in this place.
 G = Mean time per level.
                   A        B        C        D        E       F      G
               +--------+--------+--------+--------+--------+-----+--------+
         Total |    147 |    127 |     20 |      0 |     87 |   1 |  147.0 |
       Dungeon |    147 |    127 |     20 |      0 |     87 |   1 |  147.0 |
               +--------+--------+--------+--------+--------+-----+--------+

Top non-repeatable levels by time:
     D:1: 147 daAuts
